 Dungeon Crawl Stone Soup version 0.30.1-9-gdf580d7c3d (webtiles) character file.

Game seed: 10368318359933784108

753 Zalbag the Magician (level 8, 0/58 HPs)
             Began as a Djinni Fire Elementalist on Oct 25, 2023.
             Slain by a lemure (5 damage)
             ... led by Pikel
             ... on level 5 of the Dungeon.
             The game lasted 00:11:13 (3861 turns).

Zalbag the Magician (Djinni Fire Elementalist)      Turns: 3861, Time: 00:11:13

Health: 0/58       AC:  5    Str:  7    XL:     8   Next: 6%
Gold:   192        EV: 14    Int: 19    God:
                   SH:  0    Dex: 14

rFire   + + +        o - +2 short sword (elec)
rCold   x . .        (no shield)
rNeg    . . .        r - +2 robe {rF+}
rPois   ∞            w - +0 helmet
rElec   .            (no cloak)
rCorr   .            (no gloves)
SInv    .            (boots unavailable)
Will    .....        (no amulet)
Stlth   ++           (no ring)
HPRegen 0.29/turn    (no ring)
MPRegen 0.00/turn

%: infuse magic (-1 HP)
@: about to teleport, flying
A: sickness immunity, fire resistance 2, cold vulnerability 1, float, innate
caster, HP casting, extra vitality 1
a: no special abilities


You were on level 5 of the Dungeon.
You visited 1 branch of the dungeon, and saw 5 of its levels.

You collected 192 gold pieces.

Inventory:

Hand Weapons
 e - a +3 short sword
 o - a +2 short sword of electrocution (weapon)
 p - a +1 flail of protection
Missiles
 i - 2 boomerangs (quivered)
Armour
 r - a +2 robe of fire resistance (worn)
 w - a +0 helmet (worn)
Jewellery
 g - a ring of protection from fire
 h - the ring of Uranun {Fire Int+3}
   (You found it on level 2 of the Dungeon)

   [ring of fire]

   It enhances your fire magic.
   Int:       It affects your intelligence (+3).
   rF:        It protects you from fire.
   rC:        It makes you vulnerable to cold.
Wands
 t - a wand of light (7)
 x - a wand of iceblast (6)
Scrolls
 a - a scroll of vulnerability {unknown}
 b - a scroll of enchant weapon {unknown}
 c - 3 scrolls of identify
 f - a scroll of teleportation
 k - a scroll of amnesia {unknown}
 n - a scroll of magic mapping {unknown}
 q - a scroll of enchant armour {unknown}
 u - a scroll of immolation {unknown}
Potions
 d - a potion of haste {unknown}
 j - a potion of might {unknown}
 l - 2 potions of lignification {unknown}
 m - a potion of ambrosia {unknown}
 s - a potion of degeneration {unknown}
 v - a potion of attraction {unknown}


   Skills:
 + Level 4.0 Fighting
 + Level 5.0 Dodging
 - Level 1.5 Stealth
 + Level 5.0 Spellcasting


You knew the following spells:

 Your Spells              Type           Power      Damage    Failure   Level
a - Foxfire               Conj/Fire      96%        2x1d8     1%          1
b - Scorch                Fire           48%        2d7       2%          2
c - Volatile Blastmotes   Fire/Tloc      48%        2d14      4%          3
d - Inner Flame           Hex/Fire       24%        N/A       4%          3
e - Flame Wave            Conj/Fire      24%        2d8       16%         4
f - Magic Dart            Conj           96%        1d7       1%          1
g - Passwall              Tmut/Erth      20%        N/A       2%          2
h - Call Canine Familiar  Summ           24%        N/A       4%          3
Your spell library was empty.

Dungeon Overview and Level Annotations

Branches:
Dungeon (5/15)
 Temple: D:4-7

Altars:
Ashenzari
Dithmenos
Gozag
Okawaru

Shops:
D:2 =

Annotations:
D:5 Pikel


Innate Abilities, Weirdness & Mutations

You are immune to sickness and miasma.
You are immune to poison.
Your flesh is very heat resistant. (rF++)
You are vulnerable to cold. (rC-)
You float through the air rather than walking.
You learn spells naturally, not from books.
Your magical power is your life essence.
You have superior vitality. (+4 MHP)


Message History

Your hound barely misses the lemure.
The lemure is no longer more vulnerable to fire.
Your hound bites the lemure but does no damage.
The lemure hits your hound.
Your hound bites the lemure but does no damage.
Pikel attacks as you move away!
Pikel hits you with a +2 whip of freezing!
Pikel freezes you.
Your hound bites the lemure.
Casting: Scorch (safe; 2% risk of failure)
Confirm with . or Enter, or press ? or * to list all spells.
Flames lash the lemure but do no damage.
The lemure is no longer more vulnerable to fire.
Your hound bites the lemure but does no damage.
Pikel closely misses you. The lemure closely misses you.
Your hound closely misses the lemure.
Pikel attacks as you move away! Pikel misses you.
Pikel attacks as you move away!
Pikel hits you with a +2 whip of freezing.
Pikel freezes you. Pikel attacks as you move away!
Pikel hits you with a +2 whip of freezing.
Pikel freezes you. The lemure attacks as you move away!
The lemure closely misses you. The lemure hits you.
The lemure attacks as you move away! The lemure closely misses you.
Found 16 gold pieces.
There is a stone staircase leading down here.
Pikel attacks as you move away! Pikel hits you but does no damage.
The lemure attacks as you move away! The lemure barely misses you.
As you read the scroll labelled HEIDOU VIOTS, it crumbles to dust.
It is a scroll of identify.
f - 2 scrolls of teleportation Pikel hits you with a +2 whip of freezing!
* * * LOW HITPOINT WARNING * * *
Pikel freezes you!
* * * LOW HITPOINT WARNING * * *
The lemure hits you but does no damage.
As you read the scroll of teleportation, it crumbles to dust.
You feel strangely unstable. Pikel misses you. The lemure hits you.
You die...

.....#l..........##
.....#........####
.....#........##
.....#.........#
.....#.........#
.....#.........#
#....##.......##
#....###################
.....##.......##@......#
..............5K5......#
............$..55......#
##...##.................
##...##.......##....P$..
.....##.......##.....P..
...............+...§.PP§
.....†.........#.P.P..P.
.....>.........#.P...§§


You could see Pikel and 4 lemures.

Vanquished Creatures
  A wyvern (D:5)
  Duvessa (D:5)
  A black bear (D:4)
  Dowan (D:5)
  2 hounds
  2 jellies (D:4)
  4 iguanas (D:5)
  4 adders
  3 gnolls (D:4)
  A worm (D:3)
  2 dart slugs (D:2)
  9 orcs
  8 bats
  8 endoplasms
  6 giant cockroaches
  9 goblins
  4 hobgoblins
  3 jackals (D:1)
  4 quokkas
  4 ball pythons
  4 frilled lizards
  5 kobolds
  5 rats (D:1)
91 creatures vanquished.

Vanquished Creatures (others)
  67 foxfires
67 creatures vanquished.

Grand Total: 158 creatures vanquished

Notes
Turn   | Place    | Note
-------+----------+-------------------------------------------
     0 | D:1      | Zalbag the Djinni Fire Elementalist began the quest for the
                  | Orb.
     0 | D:1      | Zalbag set off with the following spells memorised:
                  | Foxfire, Scorch, Volatile Blastmotes, Inner Flame, Flame
                  | Wave.
     0 | D:1      | Reached XP level 1. HP: 15/15 MP: 0/0
   161 | D:1      | Reached XP level 2. HP: 17/21 MP: 0/0
   377 | D:1      | Found a faded altar of an unknown god.
   428 | D:1      | Reached XP level 3. HP: 7/25 MP: 0/0
   428 | D:1      | Learned a level 1 spell: Magic Dart
   974 | D:2      | Identified the ring of Uranun {Fire Int+3}
   977 | D:2      | Found Voipnace's Jewellery Shoppe.
  1205 | D:2      | Found an opulent altar of Gozag.
  1366 | D:2      | Reached XP level 4. HP: 23/31 MP: 0/0
  1795 | D:3      | Found a shadowy altar of Dithmenos.
  2337 | D:3      | Reached XP level 5. HP: 33/36 MP: 0/0
  2337 | D:3      | Learned a level 2 spell: Passwall
  2621 | D:4      | You are sucked into a shaft and drop 1 floor!
  2621 | D:5      | Entered Level 5 of the Dungeon
  2630 | D:5      | Found a broken altar of Ashenzari.
  2664 | D:5      | Noticed Duvessa
  2664 | D:5      | Noticed Dowan
  2664 | D:5      | Noticed a wyvern
  2674 | D:5      | Killed a wyvern
  2675 | D:5      | Reached XP level 6. HP: 37/43 MP: 0/0
  2685 | D:5      | Killed Dowan
  2717 | D:5      | Killed Duvessa
  2718 | D:5      | Reached XP level 7. HP: 8/49 MP: 0/0
  2718 | D:5      | Learned a level 3 spell: Call Canine Familiar
  3056 | D:4      | Found an iron altar of Okawaru.
  3762 | D:5      | Reached skill level 5 in Spellcasting
  3793 | D:5      | Reached skill level 5 in Dodging
  3793 | D:5      | Reached XP level 8. HP: 54/58 MP: 0/0
  3827 | D:5      | Noticed Pikel
  3861 | D:5      | Slain by a lemure

Illustrated notes

Levels and vault maps discovered:
D:1:      minmay_arrival_hallway, layout_basic, ebering_ecumenical_altar_mist,
          chequers_serial_rivers_micro_d
D:2:      layout_basic, basic_altar, serial_shops, shop
D:3:      layout_basic, overflow_temple_1_default
D:4:      layout_basic, okawaru_ov_weapons_minmay, lemuel_blue_sif_altar,
          chequers_serial_rivers_room_b, minmay_misc_feat_tower
D:5:      layout_gridville, mainiacjoe_overflow_paths,
          nicolae_hepliaklqana_hazy_memory, uniq_pikel, uniq_duvessa

Skill      XL: |  1  2  3  4  5  6  7  8 |
---------------+-------------------------+-----
Spellcasting   | 3 4 5 |  5.0
Fighting       | 2 3 4 |  4.0
Dodging        | 3 4 5 |  5.0
Stealth        | |  1.5

Action                     |  1- 3 |  4- 6 |  7- 9 || total
---------------------------+-------+-------+-------++-------
  Melee: Short sword       |    50 |    34 |    20 ||   104
         Dagger            |     1 |       |       ||     1
  Throw: Boomerang         |       |    11 |     6 ||    17
   Cast: Foxfire           |    12 |    14 |    18 ||    44
         Scorch            |    13 |    32 |    23 ||    68
         Volatile Blastmot |       |     1 |       ||     1
         Call Canine Famil |       |       |     1 ||     1
    Use: Scroll            |       |       |     2 ||     2
   Stab: Sleeping          |     6 |     3 |       ||     9
 Armour: Robe              |    17 |     4 |     4 ||    25
  Dodge: Dodged            |    46 |    41 |    32 ||   119
